AoeStats
← Gusti1554

African Clearing

510444045Analyzed
4v4 RM · 17h ago on Oct 1, 2026· 19m 43s· 8 players
Game mode
Random Map
Map size
Large (8 player)
Population
200
Speed
Normal
Resources
Standard
Victory
Conquest
Starting age
Dark Age
Ending age
Imperial Age
RankedLock teamsTeams togetherTeam positionsShared explorationLock speedFull tech treeHidden civsTurbo modeCheats
Victory
Defeat
🇦🇷 Saxons · Argentina
1067
+10
🇦🇷 Mongols · Argentina
1057
+11
🇦🇷 Chinese · Argentina
930
+27
🇦🇷 Danes · Argentina
728
+24
🇪🇸 Spanish · Spain
954
-16
🇹🇷 Koreans · Türkiye
945
-16
🇺🇸 Huns · United States
930
-15
🇲🇽 Vietnamese · Mexico
888
-14
Neoikana
4:32 Loom
14:51 Feudal Age
16:09 Wheelbarrow
15:20 Double-Bit Axe
15:25 Horse Collar
18:00 Fletching
18:10 Padded Archer Armor
SGTSanju
13:45 Feudal Age
SongForBob
11:45 Loom
15:03 Feudal Age
21:03 Castle Age
FlorgeJoyd
Monchit99
10:03 Loom
12:42 Feudal Age
13:26 Horse Collar
19:59 Town Watch
Gusti1554
11:09 Loom
18:58 Feudal Age
BottLe
5:09 Loom
16:26 Feudal Age
17:24 Double-Bit Axe
19:46 Wheelbarrow
19:30 Fletching
JoacoM-.
9:38 Loom
12:17 Loom
14:59 Feudal Age
Connection lost

Rejoining the realm…

Still unreachable

The connection could not be restored.

Session expired

The server has moved on; the page needs a fresh start.